 Dungeon Crawl Stone Soup version 0.13.1-2-gfb2c2b7 (webtiles) character file.

701 Lilouch the Skirmisher (level 6, -9/46 (47) HPs)
             Began as a Demonspawn Chaos Knight on Dec 11, 2013.
             Was a Plaything of Xom.
             Mangled by an iguana (11 damage)
             ... on Level 4 of the Dungeon.
             The game lasted 00:09:54 (4154 turns).

Lilouch the Skirmisher (Demonspawn Chaos Knight)    Turns: 4154, Time: 00:09:55

HP  -9/46 (47)   AC  5     Str 14      XL: 6   Next: 89%
MP   6/6         EV 10     Int 13      God: Xom
Gold 214         SH  0     Dex 13      Spells:  0 memorised,  5 levels left

Res.Fire  : . . .   See Invis. : .   A - +0,-3 crossbow (curse)
Res.Cold  : . . .   Warding    : .   b - +2 leather armour
Life Prot.: . . .   Conserve   : .   (no shield)
Res.Poison: .       Res.Corr.  : .   (no helmet)
Res.Elec. : .       Clarity    : .   (no cloak)
Sust.Abil.: . .     Spirit.Shd : .   (no gloves)
Res.Mut.  : .       Stasis     : .   (no boots)
Res.Rott. : .       Flight     : .   (no amulet)
Saprovore : . . .                    (no ring)
                                     (no ring)

@: slightly resistant to hostile enchantments, very unstealthy
A: talons 1, spiny 2
a: Renounce Religion


You were on level 4 of the Dungeon.
You worshipped Xom.
You were a favourite toy of Xom.
You were not hungry.

You visited 1 branch of the dungeon, and saw 4 of its levels.

You collected 194 gold pieces.

Inventory:

Hand weapons
 a - a +0,+0 spear of chaos {=f}
 A - a cursed +0,-3 crossbow (weapon)
Missiles
 B - 9 steel bolts (quivered)
Armour
 b - a +2 leather armour (worn)
Magical devices
 v - a wand of digging (14) {unknown}
 w - a wand of slowing (9)
 x - a wand of fireball (1) {unknown}
Comestibles
 c - 2 bread rations
 h - an apple
 o - a snozzcumber
 q - 2 meat rations
 t - a pear
Scrolls
 e - a scroll of noise
 f - 3 scrolls of identify
 g - a scroll of enchant weapon II {unknown}
 i - a scroll of fog {unknown}
 l - a scroll of remove curse {unknown}
 m - 3 scrolls of blinking
 n - 2 scrolls of amnesia {unknown}
 p - a scroll of enchant armour {unknown}
 y - a scroll of magic mapping {unknown}
Potions
 j - 2 potions of heal wounds
 r - 3 potions of curing


   Skills:
 + Level 5.1 Fighting
 + Level 4.5 Polearms
 + Level 4.2 Armour
 - Level 0.8 Dodging


You had 5 spell levels left.
You didn't know any spells.

Dungeon Overview and Level Annotations

Branches:
Dungeon (4/27)             Temple (0/1) D:4

Altars:
Cheibriados
Xom


Innate Abilities, Weirdness & Mutations

You have sharp toenails.
You are mostly covered in sharp spines.


Message History

Aim: an iguana (moderately wounded)
You shoot a bolt. The bolt hits the iguana.
The iguana is moderately wounded.
The iguana closely misses you. The iguana bites you.
Firing (i - inventory. (,) - cycle):
s - 2 bolts (quivered)
Press: ? - help, Shift-Dir - straight line, f/p - iguana
Aim: an iguana (moderately wounded)
You shoot a bolt. The bolt hits the iguana.
The iguana is moderately wounded.
The iguana bites you!
* * * LOW HITPOINT WARNING * * *
Firing (i - inventory. (,) - cycle):
s - a bolt (quivered)
Press: ? - help, Shift-Dir - straight line, f/p - iguana
Aim: an iguana (moderately wounded)
You shoot a bolt. The bolt hits the iguana.
The iguana is heavily wounded.
The iguana bites you!
* * * LOW HITPOINT WARNING * * *
The iguana bites you!
You die...

# ##########.###.
................#
#...@l....>(#
#...........#
......$........
####...........
.......?..... ...
#########.##>.......#.
.# .......≈≈§) .#
....(≈§§§≈ ...≈≈≈§≈≈


You could see an iguana.

Vanquished Creatures
  Edmund (D:4)
  Duvessa (D:4)
  Dowan (D:4)
  A scorpion (D:4)
  A worker ant (D:4)
  A hound skeleton (D:4)
  7 adders (D:2)
  2 giant mites
  2 worms
  4 giant geckos
  An ooze (D:1)
  2 orcs (D:3)
  7 bats
  4 giant cockroaches
  18 hobgoblins
  16 jackals
  7 ball pythons (D:2)
  3 giant newts
  11 goblins
  6 kobolds
  16 rats
112 creatures vanquished.

Notes
Turn   | Place    | Note
--------------------------------------------------------------
     0 | D:1      | Lilouch, the Demonspawn Chaos Knight, began the quest for the Orb.
     0 | D:1      | Reached XP level 1. HP: 16/16 MP: 1/1
   157 | D:1      | Gained mutation: You are partially covered in sharp spines. [demonic ancestry]
   157 | D:1      | Reached XP level 2. HP: 16/22 MP: 2/2
   652 | D:1      | Gained mutation: You have sharp toenails. [demonic ancestry]
   652 | D:1      | Reached XP level 3. HP: 25/28 MP: 3/3
  1488 | D:2      | XOM: harmless Necr miscast
  1750 | D:2      | Reached XP level 4. HP: 32/34 MP: 4/4
  1828 | D:2      | XOM: silly message
  1879 | D:2      | XOM: noise
  1989 | D:2      | Reached skill level 4 in Fighting
  2010 | D:2      | XOM: colour smoke trail
  2239 | D:2      | XOM: harmless Trmt miscast
  2330 | D:3      | XOM: mild Ice miscast
  2374 | D:3      | Gained mutation: You are mostly covered in sharp spines. [demonic ancestry]
  2374 | D:3      | Reached XP level 5. HP: 37/40 MP: 5/5
  2384 | D:3      | XOM: cast spell 'Dragon Form'
  2573 | D:3      | Found a snail-covered altar of Cheibriados.
  2575 | D:3      | XOM: mild Divn miscast
  2707 | D:3      | XOM: mild Necr miscast
  2861 | D:3      | XOM: mild Necr miscast
  3412 | D:4      | Noticed Edmund
  3429 | D:4      | Killed Edmund
  3429 | D:4      | Reached XP level 6. HP: 15/47 MP: 6/6
  3611 | D:4      | Noticed Dowan
  3612 | D:4      | Noticed Duvessa
  3625 | D:4      | Killed Duvessa
  3644 | D:4      | Killed Dowan
  3644 | D:4      | Reached skill level 5 in Fighting
  3698 | D:4      | XOM: scenery: create altars
  3850 | D:4      | XOM: enchant monster (bad)
  4005 | D:4      | Found a staircase to the Ecumenical Temple.
  4089 | D:4      | XOM: mild Necr miscast
  4147 | D:4      | XOM: 2-stop teleportation journey
  4154 | D:4      | HP: 2/46 [iguana (9)]
  4154 | D:4      | Mangled by an iguana

Action                   |  1- 3 |  4- 6 || total
-------------------------+-------+-------++-------
Melee: Spear             |   146 |   195 ||   341
       Unarmed           |       |     1 ||     1
 Fire: Crossbow          |       |    40 ||    40
  Use: Potion            |       |     1 ||     1
       Scroll            |       |     7 ||     7
 Stab: Paralysed         |     5 |     2 ||     7
       Sleeping          |     2 |     2 ||     4
       Petrifying        |     2 |       ||     2
